Map: Para Site LE

Players

Jason - Winner!

  • Race: Terran Terran
  • Spawn Location: 5:00

THERIDDLER

  • Race: Terran Terran
  • Spawn Location: 11:00

Event: WCS Montreal 2018

VOD

Have the link to the VOD?

Description

Time

  • Played on: Sept. 7, 2018, 1:23 p.m.
  • Length: 15:56

All games in this series

Show
View Real Time Build Order
Export as new Build Order

Jason Terran - Winner!

Build Orders: Gas First Reaper Expand, Reaper Expand, Bio Tank 

Get SALT Encoding   

  12  0:01  SCV  
  13  0:14  SCV  
  14  0:17  Supply Depot  
  14  0:26  SCV  
  14  0:27  Refinery  
  15  0:39  SCV  
  16  0:45  Barracks  
  16  0:51  SCV  
  17  1:03  SCV  
  18  1:15  SCV  
  19  1:32  Orbital Command, Reaper  
  20  1:46  Command Center  
  20  1:58  Factory  
  20  1:59  SCV  
  21  2:06  Reaper  
  22  2:12  Supply Depot  
  22  2:13  SCV  
  23  2:17  Refinery  
  23  2:34  SCV  
  23  2:39  Barracks Reactor  
  23  2:44  Hellion  
  25  2:46  SCV  
  26  2:53  Starport  
  26  2:58  SCV  
  27  3:03  Orbital Command  
  27  3:10  SCV  
  27  3:12  Cyclone  
  31  3:16  Marine x2  
  33  3:22  Supply Depot  
  33  3:23  SCV  
  34  3:29  SCV  
  34  3:31  Medivac  
  37  3:35  Marine x2  
  39  3:42  SCV x2  
  39  3:45  Engineering Bay  
  41  3:52  Marine x2  
  41  3:54  Factory Tech Lab  
  43  3:57  SCV  
  43  3:59  SCV  
  45  4:04  Viking  
  45  4:10  SCV, Marine  
  45  4:11  SCV  
  45  4:16  Siege Tank  
  51  4:23  SCV  
  53  4:24  SCV  
  53  4:28  Supply Depot  
  52  4:33  Barracks  
  52  4:35  Barracks Tech Lab  
  52  4:37  SCV x2, Barracks  
  54  4:39  Starport Reactor  
  54  4:44  Missile Turret  
  53  4:47  Missile Turret  
  53  4:57  SCV  
  53  4:58  Siege Tank  
  57  5:09  SCV  
  58  5:18  SCV  
  58  5:20  Marine x2  
  58  5:21  Refinery  
  60  5:24  Marine  
  60  5:25  Stimpack  
  60  5:26  Supply Depot  
  60  5:28  SCV  
  62  5:33  Starport Reactor  
  62  5:40  Supply Depot, SCV x2, Marine x2  
  66  5:50  Marine  
  66  5:51  Supply Depot, Marine  
  66  5:53  SCV, Marine  
  66  5:54  SCV  
  70  6:01  Marine x2  
  72  6:06  SCV  
  72  6:07  SCV  
  72  6:08  Marine  
  73  6:12  Command Center  
  73  6:13  Marine x2  
  73  6:18  Medivac x2  
  77  6:20  SCV  
  77  6:21  SCV  
  77  6:22  Supply Depot  
  77  6:25  Marine  
  82  6:28  Siege Tank  
  82  6:32  SCV  
  86  6:33  Marine x2  
  86  6:38  SCV  
  87  6:44  SCV, Marine x2  
  87  6:48  Medivac  
  87  6:50  SCV  
  90  6:57  SCV  
  85  7:02  Marine x2  
  85  7:05  Marine  
  85  7:06  Widow Mine, Marine  
  85  7:07  SCV  
  92  7:12  Barracks  
  92  7:13  Barracks  
  92  7:14  SCV  
  93  7:17  Refinery  
  93  7:21  Medivac  
  95  7:23  SCV  
  95  7:28  Supply Depot  
  95  7:29  Marine  
  97  7:31  Siege Tank  
  97  7:33  Combat Shield  
  97  7:35  SCV  
  97  7:36  SCV  
  102  7:42  Marine  
  102  7:43  Supply Depot  
  103  7:44  Marine  
  104  8:00  Marine x4  
  104  8:02  SCV  
  104  8:03  Siege Tank, SCV  
  104  8:05  Orbital Command  
  108  8:18  Marine  
  108  8:22  Marine  
  108  8:26  Marine x2  
  108  8:29  SCV x2  
  108  8:30  Marine x2  
  108  8:33  Sensor Tower, Marine  
  112  8:35  Siege Tank, SCV  
  112  8:48  Marine x3  
  108  8:52  SCV, Marine  
  108  8:53  Barracks Tech Lab  
  108  8:55  SCV x2  
  104  8:57  Marine x2  
  104  8:59  Medivac x2  
  104  9:01  Terran Infantry Armor Level 1  
  108  9:04  SCV  
  108  9:06  Marine x3  
  108  9:07  SCV x2  
  108  9:09  Engineering Bay, Marine  
  106  9:12  Marine  
  106  9:14  Armory  
  106  9:15  Barracks Reactor  
  108  9:17  SCV  
  108  9:18  Marine  
  108  9:23  Marine x2  
  108  9:24  SCV x2, Marine  
  114  9:28  Siege Tank  
  114  9:29  SCV, Marine  
  118  9:43  Marine  
  118  9:45  Marine x2  
  102  9:47  Medivac  
  102  9:48  SCV x3  
  102  9:50  Refinery, Marine  
  102  9:52  Refinery, Factory  
  104  9:54  Marine x4  
  108  10:00  Siege Tank, SCV  
  108  10:03  Terran Vehicle Weapons Level 1  
  108  10:04  Terran Infantry Weapons Level 1  
  108  10:05  SCV x2  
  114  10:08  Marine  
  114  10:09  Marine x3  
  114  10:12  Supply Depot, Marine  
  114  10:14  Marauder  
  121  10:15  Marauder  
  123  10:23  SCV  
  124  10:31  SCV x2  
  124  10:32  Siege Tank, Marine x4  
  124  10:33  Marine  
  124  10:35  Marauder, Supply Depot  
  132  10:51  Marine x2  
  122  10:57  Marine x3  
  122  10:58  Marine x3  
  122  10:59  SCV x2  
  122  11:01  Command Center  
  123  11:05  Factory Tech Lab  
  123  11:08  Bunker, Marine  
  123  11:10  Medivac x2  
  128  11:11  Siege Tank  
  128  11:16  Marine  
  128  11:17  Marauder, Marine x3  
  137  11:19  Terran Infantry Armor Level 2  
  137  11:21  Marine  
  137  11:23  Refinery  
  138  11:27  SCV  
  138  11:28  SCV  
  140  11:34  Marine  
  140  11:36  Starport x2  
  140  11:38  Siege Tank  
  144  11:41  Concussive Shells  
  144  11:45  Marauder  
  137  11:58  Siege Tank  
  137  12:00  Marine x2  
  127  12:06  Medivac  
  127  12:08  Marine x4  
  119  12:09  Marauder x2  
  119  12:12  Siege Tank  
  119  12:13  Planetary Fortress  
  126  12:18  Marine  
  126  12:19  Starport Reactor, Sensor Tower  
  126  12:22  Starport Reactor  
  127  12:28  Marine  
  127  12:29  Marine x4  
  132  12:30  Refinery, Siege Tank  
  132  12:36  Supply Depot  
  135  12:37  Viking  
  135  12:38  Supply Depot, Viking  
  139  12:47  Marauder x2  
  139  12:48  Marine x2  
  139  12:49  Marine  
  146  12:56  Viking x2  
  150  13:04  SCV x2  
  142  13:07  Viking  
  142  13:08  Marine x2, Viking  
  142  13:09  Marauder, Siege Tank  
  142  13:11  Viking x2  
  157  13:15  SCV  
  157  13:17  SCV  
  159  13:20  Terran Infantry Weapons Level 2  
  159  13:22  Siege Tank  
  159  13:25  Starport, Marine x2  
  159  13:26  Fusion Core, Viking  
  159  13:27  Marauder  
  168  13:37  Viking  
  168  13:38  Liberator  
  168  13:39  Command Center  
  168  13:41  Siege Tank, Marine  
  174  13:53  Liberator x2, Viking  
  174  13:54  Siege Tank  
  178  13:56  Marine  
  179  14:03  Starport Tech Lab  
  179  14:06  Supply Depot  
  179  14:08  Supply Depot  
  179  14:10  Marauder  
  179  14:14  Liberator  
  187  14:21  Advanced Ballistics  
  187  14:23  Supply Depot  
  187  14:27  Viking x2  
  187  14:28  Marauder, Marine x2  
  195  14:32  Marauder  
  200  14:52  Refinery  
  200  14:55  Refinery  
  200  15:05  Viking x2  
  196  15:08  Viking  
  196  15:14  Viking  
  195  15:23  Viking  
Show
View Real Time Build Order
Export as new Build Order

THERIDDLER Terran 

Build Orders: 1/1/1, Cyclone Opening, Mech 

Get SALT Encoding   

  12  0:00  SCV  
  13  0:13  SCV  
  14  0:17  Supply Depot  
  14  0:25  SCV  
  15  0:28  Refinery  
  15  0:38  SCV  
  16  0:44  Barracks  
  16  0:50  SCV  
  16  0:55  Refinery  
  17  1:02  SCV  
  18  1:15  SCV  
  19  1:31  Orbital Command, Reaper  
  20  1:34  Factory  
  20  1:42  Supply Depot  
  20  1:57  SCV  
  21  2:03  Reaper  
  22  2:10  SCV  
  23  2:18  Cyclone  
  23  2:20  Starport  
  23  2:22  SCV  
  27  2:27  Supply Depot  
  27  2:34  SCV  
  28  2:43  Supply Depot  
  28  2:46  SCV  
  28  2:50  Cyclone  
  32  2:58  SCV, Medivac  
  35  3:03  Barracks Tech Lab  
  35  3:21  SCV  
  35  3:26  Command Center  
  36  3:36  Cloaking Field  
  36  3:38  Banshee  
  36  3:40  SCV  
  40  3:47  Factory Tech Lab  
  40  3:50  Supply Depot  
  40  3:52  SCV  
  40  3:53  Barracks Reactor  
  41  4:04  SCV  
  41  4:20  SCV  
  41  4:23  Banshee  
  45  4:33  SCV  
  45  4:37  Command Center  
  46  4:38  Orbital Command  
  46  4:45  SCV  
  47  4:47  Refinery  
  47  4:55  Marine  
  47  4:58  SCV  
  49  5:01  Refinery  
  46  5:10  Banshee  
  46  5:11  SCV x2  
  49  5:18  Marine x2  
  45  5:23  Siege Tank, SCV x2  
  50  5:35  SCV x2  
  51  5:37  Factory  
  52  5:47  SCV  
  52  5:48  SCV  
  52  5:49  SCV, Barracks Reactor  
  54  5:53  Raven  
  56  5:59  Siege Tank, SCV  
  56  6:00  SCV  
  56  6:02  Orbital Command  
  61  6:11  Supply Depot, SCV  
  61  6:12  SCV  
  63  6:23  SCV  
  63  6:24  SCV  
  64  6:31  Siege Tank  
  67  6:35  SCV  
  67  6:36  SCV x2  
  74  6:40  Raven, Hellion x2  
  73  6:47  SCV  
  70  7:03  Siege Tank  
  70  7:06  Hellion x2  
  77  7:11  SCV  
  78  7:16  Supply Depot  
  78  7:20  Engineering Bay, Factory  
  78  7:25  SCV  
  78  7:27  Hellion  
  85  7:37  Hellion x2  
  85  7:39  SCV  
  86  7:46  Viking x2  
  90  7:53  Missile Turret x2, SCV  
  90  7:56  Missile Turret  
  90  7:57  Missile Turret  
  90  7:58  Siege Tank  
  91  8:01  Hellion x2  
  91  8:04  Refinery  
  95  8:08  Refinery  
  87  8:23  Hellion x2  
  87  8:26  Orbital Command  
  81  8:30  Siege Tank  
  81  8:34  SCV  
  75  8:44  Hellion  
  73  8:48  SCV  
  73  8:53  SCV x2  
  73  8:55  Siege Tank, Viking x2, Refinery, Hellion  
  80  9:01  SCV  
  85  9:04  Engineering Bay  
  85  9:05  SCV  
  84  9:12  Supply Depot  
  84  9:14  Supply Depot, SCV  
  84  9:16  Supply Depot  
  85  9:17  Orbital Command, Supply Depot  
  85  9:19  Siege Tank, SCV, Hellion  
  91  9:25  Viking  
  93  9:34  Siege Tank, SCV x2, Hellion  
  95  9:40  Hellion  
  81  9:49  SCV x3  
  81  9:51  Siege Tank  
  87  9:55  Hellion  
  89  10:01  SCV x3  
  89  10:02  Hellion  
  89  10:04  Missile Turret  
  89  10:06  Siege Tank, Missile Turret  
  97  10:11  Sensor Tower  
  97  10:13  SCV x3  
  100  10:17  Hellion  
  102  10:23  Siege Tank, Hellion  
  102  10:24  Viking x2  
  102  10:25  SCV x3  
  114  10:33  Refinery  
  114  10:34  Supply Depot  
  114  10:35  Supply Depot  
  114  10:37  SCV x2  
  114  10:38  SCV  
  116  10:49  Siege Tank, SCV, Hellion  
  115  10:55  Siege Tank  
  109  10:59  Hellion  
  109  11:03  SCV x2  
  113  11:09  Armory x2  
  113  11:11  Viking  
  115  11:17  Supply Depot  
  115  11:18  Missile Turret  
  115  11:20  Missile Turret  
  115  11:21  Siege Tank  
  115  11:24  Supply Depot  
  118  11:27  Siege Tank  
  121  11:33  Infernal Pre-Igniter, Hellion x2  
  121  11:39  SCV  
  122  11:44  Missile Turret  
  122  11:46  Viking x2  
  126  11:53  Siege Tank  
  126  11:57  Hellion x2  
  126  11:59  Siege Tank  
  110  12:16  Factory, Viking  
  110  12:17  Factory  
  110  12:19  Hellion  
  110  12:21  Command Center  
  114  12:23  Starport  
  114  12:25  Hellion  
  114  12:26  Siege Tank  
  119  12:30  Supply Depot  
  119  12:35  Viking  
  119  12:36  Hellion  
  123  12:37  Terran Vehicle And Ship Armor Level 1, Terran Vehicle Weapons Level 1  
  123  12:49  Viking, Hellion x2  
  129  12:57  Siege Tank  
  129  12:58  Siege Tank  
  127  13:05  Viking  
  127  13:07  Starport Reactor  
  127  13:09  Factory Reactor, Factory Tech Lab  
  127  13:10  Hellion x2  
  131  13:16  Sensor Tower  
  131  13:19  Viking  
  133  13:22  Missile Turret x2  
  133  13:25  Missile Turret  
  133  13:30  Hellion x2  
  133  13:32  Refinery  
  133  13:33  Siege Tank, SCV, Hellion  
  133  13:34  Refinery, SCV  
  144  13:41  Supply Depot  
  144  13:44  Hellion  
  146  13:51  Siege Tank x2  
  132  13:57  Hellion x2  
  132  13:58  Hellion  
  138  14:05  Siege Tank  
  138  14:09  Hellion  
  143  14:12  Liberator  
  143  14:14  Planetary Fortress  
  143  14:18  Hellion  
  143  14:23  Siege Tank x2  
  151  14:25  Hellion  
  156  14:35  Rapid Fire Launchers  
  156  14:37  Siege Tank  
  159  14:48  Hellion  
  159  14:52  Liberator  
  161  14:53  Viking  
  161  14:55  Siege Tank x2, Hellion  
  171  15:01  Missile Turret  
  171  15:03  Missile Turret  
  171  15:05  Hellion  
  167  15:09  Thor  
  167  15:13  Hellion  
  155  15:23  Viking  
  155  15:24  Viking x2  
Tags
 
Add a new tag
Caveats
  • Supply blocks, unpowered buildings, or Contaminate may cause inaccurate times.
  • Supply counts are checked every 10 seconds.